 Dungeon Sprint DCSS version 0.30.1-11-g7821555f0a (webtiles) character file.

Game seed: 276531321830254637

286218 Groucho the End of an Era (level 18, -1/200 HPs)
             Began as a Minotaur Fighter on Jan 2, 2024.
             Was the Champion of Qazlal.
             Killed from afar by an ancient lich (69 damage)
             ... with a crystal spear
             ... in the Dungeon (Sprint IX: "|||||||||||||||||||||||||||||").
             The game lasted 00:36:02 (17390 turns).

Groucho the End of an Era (Minotaur Fighter)       Turns: 17390, Time: 00:36:02

Health: -1/200     AC: 31    Str: 33    XL:     18   Next: 29%
Magic:  34/34      EV: 24    Int:  5    God:    Qazlal [******]
Gold:   224        SH: 34    Dex: 14    Spells: 17/17 levels left

rFire   + + .        b - +9 broad axe (freeze)
rCold   + . .        c - +1 tower shield {rF+}
rNeg    . . .        g - +0 gold dragon scales
rPois   +            E - +0 hat {Stlth+}
rElec   .            Z - +2 cloak
rCorr   .            Y - +2 pair of gloves {Dex+3}
SInv    +            (no boots)
Will    +....        (no amulet) Stlth
                     N - +4 ring of protection
HPRegen 0.53/turn    V - ring "Vifesoh" {EV+5 Str+5 SInv}
MPRegen 0.24/turn

%: no teleportation, repel missiles
@: corroded
A: horns 2, retaliatory headbutt
}: 5/17 runes: decaying, serpentine, barnacled, silver, gossamer
a: Renounce Religion, Upheaval, Elemental Force, Disaster Area


You were in the Dungeon.
You worshipped Qazlal.
Qazlal was exalted by your worship.
You visited 1 branch You collected 1977 gold pieces.
You spent 1753 gold pieces at shops.

Inventory:

Hand Weapons
 b - a +9 broad axe of freezing (weapon)
 W - the +5 demon whip "Suuck" {vamp, Will+ Str+3 Int+8 Dex-5}
   (You found it in the Dungeon)

   Str:       It affects your strength (+3).
   Int:       It affects your intelligence (+8).
   Dex:       It affects your dexterity (-5).
   Will:      It increases your willpower.
Missiles
 v - 12 javelins (quivered)
 Q - 7 silver javelins
Armour
 c - a +1 tower shield of fire resistance (worn)
 g - +0 gold dragon scales (worn)
 E - a +0 hat of stealth (worn)
 Y - a +2 pair of gloves of dexterity (worn)
 Z - a +2 cloak (worn)
Jewellery
 o - a +2 ring of evasion
 F - a ring of protection from cold
 G - a ring of see invisible
 H - a ring of protection from cold
 I - a +4 ring of protection
 J - a +2 ring of slaying
 K - a ring of wizardry
 M - a +6 ring of dexterity
 N - a +4 ring of protection (left hand)
 O - a +3 ring of slaying
 S - a +6 ring of strength
 T - the ring "Waedaw" {Str+6 Slay+5}
   (You found it in the Dungeon)

   [ring of strength]

   Str:       It affects your strength (+6).
   Slay:      It affects your accuracy & damage with ranged weapons and melee
   (+5).
 U - a +4 ring of protection
 V - the ring "Vifesoh" (right hand) {EV+5 Str+5 SInv}
   (You found it in the Dungeon)

   [ring of evasion]

   EV:        It affects your evasion (+5).
   Str:       It affects your strength (+5).
   SInv:      It lets you see invisible.
Wands
 a - a wand of charming (17)
 l - a wand of iceblast (10)
 x - a wand of light (11)
Scrolls
 j - 6 scrolls of blinking
 k - 2 scrolls of amnesia
 p - 4 scrolls of fear
 q - 7 scrolls of enchant armour
 r - 13 scrolls of enchant weapon
 s - 5 scrolls of identify
 t - 5 scrolls of fog
 y - a scroll of immolation
 C - a scroll of torment
 D - 2 scrolls of vulnerability
Potions
 d - a potion of cancellation {unknown}
 e - 6 potions of curing
 f - 2 potions of berserk rage
 h - 8 potions of magic
 i - 5 potions of might
 n - 9 potions of haste
 w - 4 potions of brilliance
 z - a potion of lignification
 B - 3 potions of resistance
 P - a potion of mutation
 X - 3 potions of heal wounds
Miscellaneous
 A - a condenser vane


   Skills:
 O Level 27 Fighting
 O Level 27 Axes
 - Level 16.0 Throwing
 O Level 27 Armour
 O Level 27 Dodging
 O Level 27 Shields
 O Level 27 Invocations
 + Level 18.8 Evocations


You had 17 spell levels left.
You didn't know any spells.
Your spell library was empty.

Dungeon Overview and Level Annotations

Branches:
Dungeon (1/1)

Altars:
Cheibriados
Dithmenos
Elyvilon
Fedhas
Gozag
Hepliaklqana
Kikubaaqudgha
Makhleb
Nemelex Xobeh
Okawaru
Qazlal
Ru
Sif Muna
Trog
Uskayaw
Vehumet
Wu Jian
Xom
Yredelemnul
Zin
The Shining One
Jiyva
Lugonu

Shops:
D ?*[


Innate Abilities, Weirdness & Mutations

You have a pair of horns on your head.
You reflexively headbutt those who attack you in melee.


Message History

You barely resist.
The ancient lich touches you but does no damage.
Your limbs are stiffening.
Unknown command.
You hit the ancient lich but do no damage.
The ancient lich is almost destroyed.
You block the ancient lich's attack.
Unknown command.
You hit the ancient lich but do no damage.
The ancient lich is almost destroyed.
The ancient lich closely misses you. You furiously retaliate!
You headbutt the ancient lich, but do no damage.
The ancient lich touches you but does no damage.
You have turned to stone.
The ancient lich touches you but does no damage.
The ancient lich touches you.
The ancient lich touches you but does no damage.
The ancient lich touches you but does no damage. x2
The ancient lich points at you and mumbles some strange words.
The ancient lich points at you and mumbles some strange words.
The bolt of acid hits you!!! The acid corrodes you!
The ancient lich points at you and mumbles some strange words.
The bolt of acid hits you!!
The ancient lich points at you and mumbles some strange words.
You barely resist. The ancient lich casts a spell at you.
The bolt of acid hits you!!!
The ancient lich points at you and mumbles some strange words.
You barely resist.
The ancient lich points at you and mumbles some strange words.
The crystal spear hits you!!!
* * * LOW HITPOINT WARNING * * *
The ancient lich touches you!
* * * LOW HITPOINT WARNING * * *
You turn to flesh and can move again.
Unknown command.
You feel much better.
The ancient lich gestures at you while chanting.
The crystal spear hits you!!!
You die...

▓▓▓▓▓▓▓▓▓▓▓▓▓▓▓▓▓▓▓
......)'........@L+
▓▓▓▓▓▓▓▓▓▓▓▓▓▓▓▓▓▓▓▓▓▓▓▓▓▓▓▓▓▓▓▓▓
.................................
▓▓▓▓▓▓▓▓▓▓▓▓▓▓▓▓▓▓▓▓▓▓▓▓▓▓▓▓▓▓▓▓▓
'.).[))≈.....')[...))'[...[.).'[)
▓▓▓▓▓▓▓▓▓▓▓▓▓▓▓▓▓▓▓▓▓▓▓▓▓▓▓▓▓▓▓▓▓
...............).................
▓▓▓▓▓▓▓▓▓▓▓▓▓▓▓▓▓▓▓▓▓▓▓▓▓▓▓▓▓▓▓▓▓
=.=.....))))))......[[..[[......[


You could see an ancient lich (fast, invisible).

Vanquished Creatures
  2 ancient liches (D)
  Mennas (D)
  A juggernaut (D)
  Sojobo (D)
  Saint Roka (D)
  Frederick (D)
  Xtahua (D)
  A golden dragon (D)
  Nikola (D)
  A bone dragon (D)
  Jory (D)
  Rupert (D)
  3 tentacled monstrosities (D)
  A titan (D)
  A quicksilver dragon (D)
  14 Orb Guardians (D)
  A sphinx (D)
  3 death cobs (D)
  Gastronok (D)
  Donald (D)
  5 tengu reavers (D)
  2 storm dragons (D)
  9 shadow dragons (D)
  3 nagarajas (D)
  Ilsuiw (D)
  2 draconian monks (D)
  A deep elf sorcerer (D)
  A fire giant (D)
  6 emperor scorpions (D)
  2 draconian knights (D)
  3 frost giants (D)
  3 ghost moths (D)
  2 draconian scorchers (D)
  An iron dragon (D)
  Louise (D)
  4 vault wardens (D)
  5 ironbound preservers (D)
  2 very ugly things (D)
  A draconian shifter (D)
  A draconian annihilator (D)
  A draconian stormcaller (D)
  An ironbound thunderhulk (D)
  A war gargoyle (D)
  A broodmother (D)
  6 stone giants (D)
  An eleionoma (D)
  2 black draconians (D)
  Azrael (D)
  4 red draconians (D)
  5 purple draconians (D)
  4 white draconians (D)
  4 yellow draconians (D)
  2 bunyips (D)
  5 merfolk impalers (D)
  A mummy priest (D)
  A deep elf high priest (D)
  An entropy weaver (D)
  An ettin (D)
  6 merfolk javelineers (D)
  A deep elf death mage (D)
  5 fire dragons (D)
  3 yaktaur captains (D)
  4 ice dragons (D)
  25 vault guards (D)
  A great orb of eyes (D)
  2 rakshasas (D)
  Erica (D)
  6 hydras (D)
  An ogre mage (D)
  2 catoblepae (D)
  A boulder beetle (D)
  A merfolk aquamancer (D)
  A radroach (D)
  3 centaur warriors (D)
  A deep troll earth mage (D)
  2 deep troll shamans (D)
  2 tengu warriors (D)
  Urug (D)
  A shock serpent (D)
  4 death yaks (D)
  4 naga warriors (D)
  2 hell knights (D)
  A skeletal warrior (D)
  A sun moth (D)
  A spriggan druid (D)
  A sea snake (D)
  A harpy (D)
  An orb spider (D)
  4 ironbound convokers (D)
  9 orc knights (D)
  2 necromancers (D)
  2 wizards (D)
  6 swamp dragons (D)
  2 phantasmal warriors (D)
  A deep elf pyromancer (D)
  3 wolf spiders (D)
  A mana viper (D)
  2 ugly things (D)
  2 cyclopes (D)
  An orc sorcerer (D)
  2 will-o-the-wisps (D)
  5 moths of wrath (D)
  4 black mambas (D)
  Maurice (D)
  3 water nymphs (D)
  2 cane toads (D)
  2 naga magi (D)
  2 vault sentinels (D)
  3 guardian serpents (D)
  2 demonic crawlers (D)
  2 komodo dragons (D)
  A rime drake (D)
  2 tengu conjurers (D)
  A troll (D)
  A troll (shapeshifter) (D)
  A polar bear (D)
  A bloated husk (D)
  A hornet (shapeshifter) (D)
  A tyrant leech (D)
  3 snapping turtles (D)
  A blink frog (D)
  4 slime creatures (D)
  A jumping spider (D)
  A wraith (D)
  2 wyverns (D)
  3 yaks (D)
  A water elemental (D)
  3 fire elementals (D)
  2 redbacks (D)
  5 nagas (D)
  3 water moccasins (D)
  3 hell hounds (D)
  A swamp drake (D)
  23 orc warriors (D)
  An ogre (D)
  3 wolves (D)
  A boggart (D)
  A centaur (D)
  A kobold brigand (D)
  A killer bee (D)
  5 orc priests (D)
  An iguana (D)
  2 orc wizards (D)
  A sleepcap (D)
  8 orcs (D)
  An endoplasm (D)
  A giant cockroach (D)
  A hobgoblin (D)
  A kobold (D)
  A bat (D)
379 creatures vanquished.

Vanquished Creatures (others)
  An alligator (D)
  A centaur (D)
  5 foxfires (D)
7 creatures vanquished.

Grand Total: 386 creatures vanquished

Notes
Turn   | Place    | Note
-------+----------+-------------------------------------------
     0 | D        | Groucho the Minotaur Fighter began the quest for the Orb.
     0 | D        | Reached XP level 1. HP: 19/19 MP: 0/0
    17 | D        | Noticed a sleepcap
    17 | D        | Noticed an ogre
    17 | D        | Noticed an iguana
    19 | D        | Reached XP level 2. HP: 28/28 MP: 1/1
    23 | D        | Reached skill level 5 in Fighting
    23 | D        | Reached skill level 5 in Armour
    23 | D        | Reached skill level 5 in Shields
    23 | D        | Reached XP level 3. HP: 36/36 MP: 2/2
    24 | D        | Killed an ogre
    25 | D        | Reached XP level 4. HP: 45/45 MP: 3/3
    26 | D        | Reached XP level 5. HP: 52/52 MP: 4/4
   237 | D        | Found a snail-covered altar of Cheibriados.
   237 | D        | Found a shadowy altar of Dithmenos.
   237 | D        | Found a white marble altar of Elyvilon.
   237 | D        | Found a blossoming altar of Fedhas.
   237 | D        | Found an opulent altar of Gozag.
   238 | D        | Found a hazy altar of Hepliaklqana.
   239 | D        | Found a viscous altar of Jiyva.
   240 | D        | Found an ancient bone altar of Kikubaaqudgha.
   241 | D        | Found a corrupted altar of Lugonu.
   242 | D        | Found a burning altar of Makhleb.
   243 | D        | Found a sparkling altar of Nemelex Xobeh.
   244 | D        | Found an iron altar of Okawaru.
   245 | D        | Found a stormy altar of Qazlal.
   246 | D        | Found a sacrificial altar of Ru.
   247 | D        | Found a shimmering blue altar of Sif Muna.
   248 | D        | Found a bloodstained altar of Trog.
   249 | D        | Found a hide-covered altar of Uskayaw.
   250 | D        | Found a radiant altar of Vehumet.
   251 | D        | Found an ornate altar of the Wu Jian Council.
   252 | D        | Found a shimmering altar of Xom.
   253 | D        | Became a worshipper of Qazlal Stormbringer
   254 | D        | Found a basalt altar of Yredelemnul.
   255 | D        | Found a glowing silver altar of Zin.
   256 | D        | Found a glowing golden altar of the Shining One.
   307 | D        | Noticed an orc warrior
   307 | D        | Noticed a troll
   307 | D        | Noticed a centaur
   307 | D        | Noticed a centaur
   311 | D        | Killed an orc warrior
   319 | D        | Killed a troll
   320 | D        | Reached XP level 6. HP: 32/62 MP: 4/7
   324 | D        | Reached * piety under Qazlal
   325 | D        | Reached XP level 7. HP: 31/69 MP: 4/9
   336 | D        | Reached skill level 5 in Dodging
   338 | D        | Noticed a slime creature
   338 | D        | Noticed a centaur warrior
   338 | D        | Noticed a komodo dragon
   338 | D        | Noticed a wraith
   338 | D        | Noticed an entropy weaver
   338 | D        | Noticed a red ugly thing
   344 | D        | Killed a slime creature
   344 | D        | Reached ** piety under Qazlal
   345 | D        | Reached skill level 5 in Invocations
   355 | D        | a komodo dragon changed into a troll
   355 | D        | Noticed a troll (shapeshifter)
   355 | D        | Killed a centaur warrior
   356 | D        | Reached skill level 10 in Fighting
   356 | D        | Reached skill level 10 in Axes
   356 | D        | Reached skill level 10 in Armour
   356 | D        | Reached skill level 10 in Shields
   356 | D        | Reached XP level 8. HP: 32/80 MP: 7/11
   359 | D        | an entropy weaver changed into a hornet
   359 | D        | Noticed a hornet (shapeshifter)
   361 | D        | Killed a troll
   374 | D        | Killed a red ugly thing
   374 | D        | Reached *** piety under Qazlal
   375 | D        | Reached XP level 9. HP: 18/89 MP: 9/13
   990 | D        | Noticed a komodo dragon
   990 | D        | Noticed a cane toad
   990 | D        | Noticed a polar bear
   990 | D        | Noticed a komodo dragon
  1000 | D        | Killed a komodo dragon
  1008 | D        | Killed a cane toad
  1015 | D        | Killed a polar bear
  1015 | D        | Reached **** piety under Qazlal
  1018 | D        | Killed a komodo dragon
  1031 | D        | Reached XP level 10. HP: 46/99 MP: 8/15
  1033 | D        | Reached ***** piety under Qazlal
  1414 | D        | Noticed a cane toad
  1414 | D        | Noticed an eight-headed hydra
  1418 | D        | Killed an eight-headed hydra
  1418 | D        | Killed a cane toad
  1419 | D        | Reached skill level 10 in Dodging
  1683 | D        | Noticed a black mamba
  1696 | D        | Killed a black mamba
  1895 | D        | Noticed a catoblepas
  1895 | D        | Noticed a death yak
  1895 | D        | Noticed a catoblepas
  1895 | D        | Noticed a death yak
  1901 | D        | Noticed a death yak
  1901 | D        | Killed a death yak
  1903 | D        | Noticed a death yak
  1905 | D        | Killed a catoblepas
  1906 | D        | Reached skill level 10 in Invocations
  1915 | D        | Killed a catoblepas
  1916 | D        | Reached XP level 11. HP: 65/110 MP: 6/17
  1921 | D        | Killed a death yak
  1925 | D        | Killed a death yak
  1929 | D        | Killed a death yak
  1935 | D        | Reached ****** piety under Qazlal
  2466 | D        | Noticed Maurice
  2485 | D        | Killed Maurice
  2512 | D        | Noticed Urug
  2532 | D        | Killed Urug
  2533 | D        | Reached skill level 15 in Shields
  2628 | D        | Noticed an orc knight
  2640 | D        | Killed an orc knight
  2641 | D        | Reached skill level 15 in Armour
  2654 | D        | Reached skill level 15 in Fighting
  2700 | D        | Noticed an orc sorcerer
  2702 | D        | Killed an orc sorcerer
  2703 | D        | Reached skill level 15 in Axes
  2775 | D        | Found Hememm's Magic Scroll Emporium.
  2775 | D        | Noticed an orc knight
  2775 | D        | Noticed an orc knight
  2775 | D        | Noticed an orc knight
  2783 | D        | Noticed an orc knight
  2789 | D        | Killed an orc knight
  2797 | D        | Killed an orc knight
  2797 | D        | Killed an orc knight
  2799 | D        | Found Mamey's General Store.
  2802 | D        | Killed an orc knight
  3378 | D        | Found Silucs's Distillery.
  3382 | D        | Found Foammij's Armour Shoppe.
  3384 | D        | Noticed an orc knight
  3385 | D        | Noticed an orc knight
  3387 | D        | Noticed an orc knight
  3391 | D        | Killed an orc knight
  3392 | D        | Reached XP level 12. HP: 120/122 MP: 7/20
  3444 | D        | Bought a +0 cloak for 49 gold pieces
  3451 | D        | Bought a potion of curing for 36 gold pieces
  3451 | D        | Bought a potion of curing for 36 gold pieces
  3451 | D        | Bought a potion of brilliance for 48 gold pieces
  3451 | D        | Bought a potion of berserk rage for 60 gold pieces
  3451 | D        | Bought 2 potions of might for 96 gold pieces
  3451 | D        | Bought a potion of brilliance for 48 gold pieces
  3451 | D        | Bought a potion of heal wounds for 60 gold pieces
  3451 | D        | Bought a potion of lignification for 36 gold pieces
  3453 | D        | Bought a scroll of immolation for 48 gold pieces
  3453 | D        | Bought a scroll of fog for 48 gold pieces
  3453 | D        | Bought a condenser vane for 480 gold pieces
  3453 | D        | Bought a scroll of enchant armour for 90 gold pieces
  3453 | D        | Bought a scroll of fog for 48 gold pieces
  3455 | D        | Bought a scroll of brand weapon for 114 gold pieces
  3455 | D        | Bought a scroll of enchant weapon for 90 gold pieces
  3455 | D        | Bought a scroll of identify for 24 gold pieces
  3455 | D        | Bought a scroll of torment for 114 gold pieces
  3455 | D        | Bought a scroll of blinking for 90 gold pieces
  3455 | D        | Bought a scroll of blinking for 90 gold pieces
  3455 | D        | Bought a scroll of vulnerability for 48 gold pieces
  3644 | D        | Noticed Erica
  3648 | D        | Killed Erica
  4036 | D        | Noticed Gastronok
  4050 | D        | Killed Gastronok
  4247 | D        | Noticed an ogre mage
  4247 | D        | Noticed a centaur warrior
  4248 | D        | Noticed a centaur warrior
  4251 | D        | Killed an ogre mage
  4254 | D        | Noticed a deep troll earth mage
  4256 | D        | Killed a centaur warrior
  4264 | D        | Noticed a green very ugly thing
  4265 | D        | Killed a deep troll earth mage
  4270 | D        | Killed a centaur warrior
  4273 | D        | Noticed a stone giant
  4275 | D        | Noticed a white very ugly thing
  4286 | D        | Noticed a deep troll shaman
  4297 | D        | Killed a green very ugly thing
  4306 | D        | Killed a stone giant
  4315 | D        | HP: 6/125 [white very ugly thing (43)]
  4322 | D        | Killed a white very ugly thing
  4324 | D        | Killed a deep troll shaman
  4737 | D        | Noticed Rupert
  4744 | D        | Paralysed by Rupert for 4 turns
  4748 | D        | Killed Rupert
  4749 | D        | Reached XP level 13. HP: 133/133 MP: 1/23
  5028 | D        | Noticed a bunyip
  5028 | D        | Noticed an eleionoma
  5031 | D        | Noticed a bunyip
  5037 | D        | Reached skill level 15 in Dodging
  5042 | D        | Killed an eleionoma
  5043 | D        | Reached skill level 15 in Invocations
  5047 | D        | Killed a bunyip
  5050 | D        | Killed a bunyip
  5966 | D        | Noticed an emperor scorpion
  5975 | D        | Killed an emperor scorpion
  6105 | D        | Noticed a broodmother
  6140 | D        | Killed a broodmother
  6577 | D        | Noticed Donald
  6584 | D        | Killed Donald
  7273 | D        | Noticed a tengu reaver
  7273 | D        | Noticed a frost giant
  7279 | D        | Noticed a stone giant
  7289 | D        | Noticed a golden dragon
  7291 | D        | Killed a frost giant
  7291 | D        | Killed a stone giant
  7291 | D        | Noticed an iron dragon
  7292 | D        | Reached XP level 14. HP: 47/146 MP: 14/26
  7294 | D        | Killed a tengu reaver
  7295 | D        | Killed a golden dragon
  7434 | D        | Killed an iron dragon
  7641 | D        | Noticed a frost giant
  7655 | D        | Killed a frost giant
  7972 | D        | Noticed a stone giant
  7977 | D        | Noticed a stone giant
  7980 | D        | Killed a stone giant
  7990 | D        | Killed a stone giant
  8025 | D        | Noticed a vault warden
  8025 | D        | Noticed an ironbound thunderhulk
  8025 | D        | Noticed an ironbound preserver
  8026 | D        | Killed a vault warden
  8588 | D        | Killed an ironbound preserver
  8593 | D        | Killed an ironbound thunderhulk
  8949 | D        | Noticed a sphinx
  8950 | D        | Noticed an ironbound preserver
  8955 | D        | Noticed an ironbound preserver
  8960 | D        | Noticed a vault warden
  8964 | D        | Killed an ironbound preserver
  8965 | D        | Killed an ironbound preserver
  8966 | D        | Killed a sphinx
  8972 | D        | Killed a vault warden
  8974 | D        | Noticed a death cob
  8974 | D        | Noticed a nagaraja
  8980 | D        | Noticed an ironbound preserver
  8985 | D        | Killed a death cob
  8987 | D        | Killed a nagaraja
  8991 | D        | Killed an ironbound preserver
  8991 | D        | Noticed an ironbound preserver
  8995 | D        | Killed an ironbound preserver
  9320 | D        | Noticed Louise
  9325 | D        | Killed Louise
  9657 | D        | Noticed Saint Roka
  9660 | D        | Reached XP level 15. HP: 134/159 MP: 19/28
  9665 | D        | Killed Saint Roka
 10192 | D        | Noticed Azrael
 10211 | D        | Killed Azrael
 10474 | D        | Noticed Frederick
 10485 | D        | Killed Frederick
 10567 | D        | Noticed Ilsuiw
 10581 | D        | Killed Ilsuiw
 11018 | D        | Got a barnacled rune of Zot
 11025 | D        | Noticed a nagaraja
 11027 | D        | Killed a nagaraja
 11028 | D        | Reached skill level 1 in Throwing
 11035 | D        | Noticed a nagaraja
 11040 | D        | Killed a nagaraja
 11320 | D        | Got a serpentine rune of Zot
 11390 | D        | Got a decaying rune of Zot
 11632 | D        | Noticed an emperor scorpion
 11632 | D        | Noticed an emperor scorpion
 11632 | D        | Noticed an emperor scorpion
 11634 | D        | Reached skill level 5 in Throwing
 11644 | D        | Killed an emperor scorpion
 11647 | D        | Noticed an emperor scorpion
 11654 | D        | Killed an emperor scorpion
 11658 | D        | Killed an emperor scorpion
 11679 | D        | Killed an emperor scorpion
 11681 | D        | Noticed an emperor scorpion
 11689 | D        | Killed an emperor scorpion
 11691 | D        | Got a gossamer rune of Zot
 12255 | D        | Noticed Xtahua
 12262 | D        | Paralysed by Xtahua for 4 turns
 12271 | D        | Killed Xtahua
 12703 | D        | Reached XP level 16. HP: 174/174 MP: 31/31
 12914 | D        | Noticed a quicksilver dragon
 12925 | D        | Noticed a shadow dragon
 12928 | D        | Noticed a tengu reaver
 12933 | D        | Noticed a shadow dragon
 12934 | D        | Killed a quicksilver dragon
 12935 | D        | Reached skill level 10 in Throwing
 12941 | D        | Killed a tengu reaver
 12945 | D        | Killed a shadow dragon
 12951 | D        | Killed a shadow dragon
 13104 | D        | Noticed a tengu reaver
 13104 | D        | Noticed a shadow dragon
 13104 | D        | Noticed a shadow dragon
 13104 | D        | Noticed a titan
 13104 | D        | Noticed an ancient lich
 13104 | D        | Noticed a shadow dragon
 13105 | D        | Noticed an ancient lich
 13105 | D        | Killed a titan
 13106 | D        | Killed an ancient lich
 13106 | D        | Killed an ancient lich
 13106 | D        | Killed a shadow dragon
 13109 | D        | Noticed a shadow dragon
 13113 | D        | Killed a tengu reaver
 13114 | D        | Reached skill level 27 in Invocations
 13118 | D        | Killed a shadow dragon
 13129 | D        | Killed a shadow dragon
 13134 | D        | Killed a shadow dragon
 13145 | D        | Identified the ring "Waedaw" {Str+6 Slay+5}
 13150 | D        | Got a silver rune of Zot
 13385 | D        | Noticed Nikola
 13392 | D        | Killed Nikola
 13584 | D        | Noticed Jory
 13618 | D        | Killed Jory
 14103 | D        | Got the ring "Opihih" {Drain rPois rF+ Int+3}
 14108 | D        | Got the ring of Odastrie {Ice rN+}
 14111 | D        | Got the ring "Vifesoh" {EV+5 Str+5 SInv}
 14113 | D        | Got the ring of Ysahit {Fire rN+ Int+3 Dex+6 SInv}
 14122 | D        | Got the +5 demon whip "Suuck" {vamp, Will+ Str+3 Int+8
                  | Dex-5}
 14561 | D        | Noticed a tengu reaver
 14563 | D        | Killed a tengu reaver
 14564 | D        | Reached XP level 17. HP: 149/189 MP: 33/33
 14568 | D        | Noticed Sojobo
 14581 | D        | Killed Sojobo
 14798 | D        | Noticed Mennas
 14823 | D        | Killed Mennas
 15044 | D        | Noticed a juggernaut
 15049 | D        | Reached skill level 27 in Shields
 15050 | D        | Reached skill level 27 in Armour
 15050 | D        | Killed a juggernaut
 15051 | D        | Reached skill level 27 in Fighting
 15058 | D        | Reached skill level 15 in Throwing
 15192 | D        | Noticed a bone dragon
 15211 | D        | Killed a bone dragon
 15227 | D        | Reached skill level 27 in Dodging
 15227 | D        | Reached skill level 1 in Evocations
 16206 | D        | Noticed a tentacled monstrosity
 16222 | D        | Killed a tentacled monstrosity
 16681 | D        | Noticed an Orb Guardian
 16681 | D        | Noticed an Orb Guardian
 16681 | D        | Noticed an Orb Guardian
 16681 | D        | Noticed an Orb Guardian
 16681 | D        | Noticed an Orb Guardian
 16681 | D        | Noticed an Orb Guardian
 16683 | D        | Noticed an Orb Guardian
 16688 | D        | Killed an Orb Guardian
 16690 | D        | Noticed an Orb Guardian
 16693 | D        | Killed an Orb Guardian
 16697 | D        | Killed an Orb Guardian
 16698 | D        | Reached XP level 18. HP: 200/200 MP: 34/34
 16701 | D        | Killed an Orb Guardian
 16705 | D        | Killed an Orb Guardian
 16706 | D        | Reached skill level 15 in Evocations
 16709 | D        | Killed an Orb Guardian
 16720 | D        | Killed an Orb Guardian
 16724 | D        | Killed an Orb Guardian
 16725 | D        | Noticed an Orb Guardian
 16726 | D        | Noticed an Orb Guardian
 16733 | D        | Killed an Orb Guardian
 16739 | D        | Killed an Orb Guardian
 16747 | D        | Noticed a tentacled monstrosity
 16747 | D        | Noticed an Orb Guardian
 16747 | D        | Noticed an Orb Guardian
 16747 | D        | Noticed a tentacled monstrosity
 16748 | D        | Noticed an Orb Guardian
 16752 | D        | Killed a tentacled monstrosity
 16752 | D        | Noticed an Orb Guardian
 16753 | D        | Killed an Orb Guardian
 16753 | D        | Killed an Orb Guardian
 16753 | D        | Killed an Orb Guardian
 16754 | D        | Reached skill level 27 in Axes
 16756 | D        | Killed a tentacled monstrosity
 16759 | D        | Killed an Orb Guardian
 17371 | D        | Noticed an ancient lich
 17390 | D        | Killed from afar by an ancient lich

Illustrated notes

Levels and vault maps discovered:
D:        linesprint [early_d, line_temple, items_1, d_10, items_2, lair_1,
          lair_end, items_3, orc_1, orc_end, items_4, d_15, swamp_1, shoals_1,
          snake_1, spider_1, d_20, vaults_1, items_5, swamp_end, shoals_end,
          snake_end, spider_end, vaults_end, d_27, items_6, zot_1, zot_end,
          crypt_end, forest_end, elf_end, slime_end, tomb_end, abyss_end,
          pan_hell_end]

Skill      XL: |  1  2  3  4  5  6  7  8  9 10 11 12 13 14 15 16 17 18 |
---------------+-------------------------------------------------------+-----
Fighting       | 4 5 6 7 8 10 11 12 14 15 17 19 21 23 26 27 | 27.0
Armour         | 4 5 6 7 8 9 10 11 12 14 15 17 19 21 23 26 27 | 27.0
Shields        | 4 5 6 7 8 9 10 11 12 14 16 17 19 21 24 26 27 | 27.0
Axes           | 3 4 6 8 10 11 12 13 15 17 18 24 27 | 27.0
Dodging        | 4 7 8 9 11 13 14 17 19 21 23 27 | 27.0
Invocations    | 3 4 6 7 8 10 12 14 18 21 24 27 | 27.0
Throwing       | 7 12 16 | 16.0
Evocations     | 14 18 | 18.8

Action                     |  1- 3 |  4- 6 |  7- 9 | 10-12 | 13-15 | 16-18 || total
---------------------------+-------+-------+-------+-------+-------+-------++-------
  Melee: War axe           |    13 |    17 |    75 |   230 |   185 |       ||   520
         Headbutt          |     2 |     2 |    12 |    50 |    79 |   148 ||   293
         Broad axe         |       |       |       |       |   130 |   486 ||   616
  Throw: Javelin           |       |       |       |       |     1 |     8 ||     9
 Invoke: Upheaval          |       |       |     3 |    43 |   108 |    23 ||   177
         Disaster Area     |       |       |       |     1 |     8 |     7 ||    16
  Evoke: Wand              |       |       |       |       |       |     1 ||     1
    Use: Potion            |     1 |     3 |     4 |     6 |     5 |     6 ||    25
         Scroll            |       |       |       |       |     5 |       ||     5
   Stab: Invisible         |       |     3 |     8 |       |       |     2 ||    13
 Armour: Scale mail        |     6 |     1 |       |       |       |       ||     7
         Plate armour      |       |     3 |    32 |    39 |    90 |    31 ||   195
         Shadow dragon sca |       |       |       |       |       |    11 ||    11
         Gold dragon scale |       |       |       |       |       |    19 ||    19
  Dodge: Dodged            |     6 |     8 |    31 |    53 |    91 |    75 ||   264
         Repelled          |       |       |       |       |     5 |     4 ||     9
  Block: Buckler           |     1 |     3 |    39 |    93 |     5 |       ||   141
         Tower shield      |       |       |       |       |   340 |   429 ||   769
